[gd_scene load_steps=6 format=2]

[ext_resource path="res://Scripts/Map/Navigation/coverNodeManager.gd" type="Script" id=1]
[ext_resource path="res://Scripts/GameSettings/gameController.gd" type="Script" id=2]
[ext_resource path="res://Scripts/WeaponSystem/Bullet/bulletCreator.gd" type="Script" id=3]
[ext_resource path="res://Scripts/GameSettings/playerSettings.gd" type="Script" id=4]
[ext_resource path="res://Scripts/GameSettings/enemySettings.gd" type="Script" id=5]

[node name="Mission" type="Node2D"]

[node name="Map" type="Node2D" parent="."]
script = ExtResource( 1 )

[node name="Navigation" type="Navigation2D" parent="Map"]

[node name="NavigationPolygonInstance" type="NavigationPolygonInstance" parent="Map/Navigation"]

[node name="Physics" type="Node2D" parent="Map"]

[node name="Settings" type="Node2D" parent="."]

[node name="GameController" type="Node2D" parent="Settings"]
script = ExtResource( 2 )

[node name="BulletCreator" type="Node2D" parent="Settings"]
script = ExtResource( 3 )

[node name="PlayerSettings" type="Node2D" parent="Settings"]
script = ExtResource( 4 )

[node name="EnemySettings" type="Node2D" parent="Settings"]
script = ExtResource( 5 )

[node name="Characters" type="Node2D" parent="."]
